 Dungeon Crawl Stone Soup version 0.30-a0-50-gb2d611f6b1 (webtiles) character file.

Game seed: 15907961032450394225

24354 pokeman the Eclecticist (level 12, -5/66 HPs)
             Began as a Deep Elf Hedge Wizard on Sept 3, 2022.
             Was a Believer of Vehumet.
             Killed from afar by an efreet (7 damage)
             ... with a fireball
             ... on level 13 of the Dungeon.
             The game lasted 00:48:38 (18688 turns).

pokeman the Eclecticist (Deep Elf Hedge Wizard)    Turns: 18688, Time: 00:48:39

Health: -5/66      AC: 11    Str:  7    XL:     12   Next: 79%
Magic:  21/35      EV: 11    Int: 28    God:    Vehumet [**....]
Gold:   695        SH:  0    Dex: 14    Spells: 13/46 levels left

rFire   + + .      SeeInvis .    B - staff of fire
rCold   x . .      Faith    .    (no shield)
rNeg    . . .      Spirit   .    F - +0 acid dragon scales
rPois   +          Reflect  .    M - +2 hat
rElec   .          Harm     .    p - +1 cloak
rCorr   +          Rampage  .    (no gloves)
Will    ++...                    (no boots)
Stlth   ++........               (no amulet)
HPRegen 0.21/turn                k - ring of poison resistance
MPRegen 0.24/turn                D - ring "Xyep" {Fire Will+ Int+3 Slay+2}

@: about to teleport
A: no striking features
a: Renounce Religion


You were on level 13 of the Dungeon.
You worshipped Vehumet.
Vehumet was pleased with you.
You visited 2 branches of the dungeon, and saw 14 of its levels.
You also visited: Ossuary.

You collected 810 gold pieces.
You spent 115 gold pieces at shops.

Inventory:

Hand Weapons
 w - a +0 dagger of venom
 I - a +3 quarterstaff of chaos
 L - the +4 sling "Nokufuf" {venom, Str+3}
   (You took it off an orc on level 8 of the Dungeon)

   Any ammunition fired from it poisons the flesh of those it strikes.
   Str:       It affects your strength (+3).
Missiles
 y - 4 throwing nets
Armour
 p - a +1 cloak (worn)
 t - a +0 buckler
 F - +0 acid dragon scales (worn)
 M - a +2 hat (worn)
 R - a +0 troll leather armour
Magical Staves
 B - a staff of fire (weapon)
 K - a staff of cold
 N - a staff of earth
Jewellery
 k - a ring of poison resistance (left hand)
 D - the ring "Xyep" (right hand) {Fire Will+ Int+3 Slay+2}
   (You found it on level 6 of the Dungeon)

   [ring of fire]

   It enhances your fire magic.
   Int:       It affects your intelligence (+3).
   Slay:      It affects your accuracy & damage with ranged weapons and melee
   (+2).
   rF:        It protects you from fire.
   rC:        It makes you vulnerable to cold.
   Will:      It increases your willpower.
 O - a ring of ice
 S - a ring of fire
 T - a ring of willpower
Wands
 e - a wand of flame (24)
 x - a wand of acid (37)
 G - a wand of polymorph (10)
 J - a wand of iceblast (13)
Scrolls
 a - 8 scrolls of immolation {unknown}
 c - a scroll of magic mapping
 i - 2 scrolls of amnesia {unknown}
 j - a scroll of fog {unknown}
 l - 6 scrolls of teleportation
 o - 12 scrolls of identify {unknown}
 q - 3 scrolls of fear {unknown}
 r - 4 scrolls of enchant armour {unknown}
 E - a scroll of enchant weapon {unknown}
 Q - a scroll of summoning {unknown}
Potions
 b - 4 potions of cancellation {unknown}
 d - a potion of magic
 f - 4 potions of heal wounds {unknown}
 g - a potion of berserk rage {unknown}
 h - 5 potions of flight {unknown}
 m - 2 potions of attraction {unknown}
 n - 5 potions of ambrosia {unknown}
 s - 5 potions of brilliance {unknown}
 u - 5 potions of curing {unknown}
 v - 2 potions of mutation {unknown}
 z - 4 potions of lignification {unknown}
 A - 2 potions of resistance {unknown}
 C - 5 potions of haste {unknown}
 H - a potion of might
 P - a potion of invisibility {unknown}


   Skills:
 - Level 4.1 Fighting
 - Level 5.0 Armour
 - Level 3.2 Dodging
 - Level 3.0 Stealth
 + Level 3.5 Shields
 * Level 17.9 Spellcasting
 + Level 10.7 Conjurations
 - Level 3.0 Summonings
 + Level 3.1 Necromancy
 - Level 1.1 Translocations
 - Level 1.0 Transmutations
 - Level 9.3 Fire Magic
 - Level 1.3 Ice Magic
 - Level 2.3 Air Magic
 - Level 1.0 Earth Magic
 - Level 1.0 Poison Magic
 - Level 2.0 Evocations


You had 13 spell levels left.
You knew the following spells:

 Your Spells              Type           Power      Damage    Failure   Level
a - Foxfire               Conj/Fire      100%       2x1d9     1%          1
b - Mephitic Cloud        Conj/Pois/Air  51%        N/A       1%          3
c - Call Imp              Summ           42%        N/A       1%          2
d - Blink                 Tloc           62%        N/A       3%          2
e - Conjure Flame         Conj/Fire      100%       6-21      1%          3
f - Fireball              Conj/Fire      55%        3d21      1%          5
g - Wereblood             Tmut           31%        N/A       3%          2
h - Orb of Destruction    Conj           35%        9d10      32%         7
i - Haunt                 Necr/Summ      21%        N/A       100%        7
j - Magic Dart            Conj           100%       1d8       1%          1

Your spell library contained the following spells:

 Spells                   Type           Power      Damage    Failure   Level
 Shock                    Conj/Air       100%       1d9       1%          1
 Apportation              Tloc           62%        N/A       1%          1
 Beastly Appendage        Tmut           62%        N/A       1%          1
 Freeze                   Ice            100%       1d11      1%          1
 Necrotise                Necr           100%       1d9       1%          1
 Summon Small Mammal      Summ           100%       N/A       1%          1
 Dazzling Flash           Conj/Hex       100%       N/A       1%          3
 Iskenderun's Battlesphe  Conj           71%        2d12      1%          5
 Hailstorm                Conj/Ice       56%        3d12      2%          4
 Iskenderun's Mystic Bla  Conj/Tloc      55%        2d12      2%          4
 Slow                     Hex            100%       N/A       3%          1
 Ensorcelled Hibernation  Hex/Ice        56%        N/A       3%          2
 Frozen Ramparts          Ice            64%        1d10      5%          3
 Ozocubu's Armour         Ice            32%        N/A       5%          3
 Gell's Gravitas          Tloc           31%        N/A       6%          3
 Lesser Beckoning         Tloc           31%        N/A       6%          3
 Spider Form              Tmut/Pois      30%        N/A       6%          3
 Teleport Other           Tloc           31%        N/A       6%          3
 Starburst                Conj/Fire      55%        6d15      8%          6
 Animate Dead             Necr           42%        N/A       9%          4
 Anguish                  Hex/Necr       16%        N/A       16%         4
 Ice Form                 Ice/Tmut       31%        N/A       19%         4
 Agony                    Necr           42%        N/A       24%         5
 Conjure Ball Lightning   Conj/Air       29%        3x3d8     32%         6
 Silence                  Hex/Air        15%        N/A       47%         5
 Metabolic Englaciation   Hex/Ice        14%        N/A       54%         5
 Simulacrum               Ice/Necr       18%        N/A       88%         6
 Infestation              Necr           21%        N/A       100%        8


Dungeon Overview and Level Annotations

Branches:
Dungeon (13/15)            Temple (1/1) D:4            Lair (0/5) D:10
    Orc (0/2) D:9         Ossuary (visited)
 Vaults: D:13-14

Altars:
Ashenzari
Cheibriados
Dithmenos
Elyvilon
Fedhas
Gozag
Hepliaklqana
Kikubaaqudgha
Makhleb
Nemelex Xobeh
Okawaru
Qazlal
Ru
Sif Muna
Trog
Uskayaw
Vehumet
Wu Jian
Xom
Yredelemnul
Zin
The Shining One

Shops:
D:2 *   D:3 [?   D:4 :([=[   D:8 **   D:9 *


Message History

The manticore is engulfed in noxious fumes.
The manticore appears confused.
The manticore bites the fire elemental!
The manticore barely misses the fire elemental.
The manticore closely misses the fire elemental.
The manticore bites itself!
The manticore claws itself!
The manticore claws itself.
A tengu warrior comes into view. It is wielding a +0 great sword.
Casting: Mephitic Cloud (safe; 1% risk of failure)
Confirm with . or Enter, or press ? or * to list all spells.
Aiming: Mephitic Cloud (safe; 1% risk of failure)
Press: ? - help, Shift-Dir - straight line, f - tengu warrior
Aim: a tengu warrior, wielding a +0 great sword, wearing a +0 ring mail and wearing a +6 ring of strength (chance to affect: 53%)
The ball explodes into a vile cloud!
The stinking cloud engulfs the tengu warrior but does no damage.
You hear a shout!
You hear a howl!
The tengu warrior is engulfed in noxious fumes.
Unknown command.
Unknown command.
The tengu warrior is engulfed in noxious fumes.
The tengu warrior hits you with a +0 great sword!
* * * LOW HITPOINT WARNING * * *
The tengu warrior pecks you but does no damage.
The tengu warrior claws you but does no damage.
Unknown command.
The tengu warrior is engulfed in noxious fumes.
The tengu warrior appears confused.
The tengu warrior says, "Why is everything spinning?"
The tengu warrior is engulfed in noxious fumes.
The tengu warrior appears confused.
The tengu warrior hits you with a +0 great sword!
* * * LOW HITPOINT WARNING * * *
The tengu warrior pecks you but does no damage.
The tengu warrior barely misses you.
As you read the scroll of teleportation, it crumbles to dust.
You feel strangely unstable.
The manticore is engulfed in blazing flames.
The manticore dies!
The efreet gestures at you.
The fireball explodes!
The fireball engulfs you! You resist.
You die...

****,##.#..**,* #.#*##**#.*.# *,
****,,.,...,,,***#<# *,*,***,
,,*####.#..........# *,,,,,,,
*,,.....#.########## *,*,,***
,,,..[.....# **,,,**
,*,*****#.<# *,,,,* .#.######.°#
*,*,,* ..........[############
*,*,,*
########..○R.☼○E@...R.#****,*,,*
#E#○###Q######○..,,,,*,,* #°#.#
#.# *********,,* #.#.# #.##
*,,,,,** *** #.#.# #..# *,**,,,*
,,*****#####*##.# *,****,*
****,*,*,*,*,*.## *,* *,*
*,*,*,*,*,*.#* *,* *,*
****,*,*,*,*.#,* *,* *,*


You could see a tengu warrior (confused), 2 efreet and a fire elemental
(summoned).

Vanquished Creatures
  Erolcha (D:13)
  3 boulder beetles
  5 two-headed ogres
  A death knight (D:12)
  An ogre mage (D:12)
  A tengu warrior (D:13)
  Nergalle (D:10)
  Lodul (D:10)
  A skeletal warrior (D:12)
  A phantasmal warrior (D:11)
  Pikel (D:7)
  A cyclops (D:11)
  3 ugly things
  An oklob plant (D:5)
  The ghost of SirDiesAlot the Magician, a novice DEFE of Vehumet (D:6)
  The ghost of pascalblue the Reanimator, a novice DENe of Sif Muna (D:8)
  3 gargoyles
  4 kobold demonologists
  A komodo dragon (D:12)
  A freezing wraith (D:12)
  6 trolls
  3 slime creatures (D:12)
  2 shadows
  5 yaks (D:12)
  A vampire (D:12)
  4 wraiths
  A wyvern (D:9)
  A warg (D:9)
  3 water moccasins
  An acid dragon (D:7)
  6 orc warriors
  A black bear (D:6)
  3 ice beasts (D:6)
  A sky beast (D:7)
  6 ogres (D:10)
  4 centaurs
  A lemure (D:7)
  An elf zombie (Ossuary)
  4 bullfrogs
  6 kobold brigands
  2 necrophages (D:4)
  3 scorpions
  2 gnoll sergeants
  3 wights (D:6)
  4 killer bees (D:9)
  5 howler monkeys
  4 electric eels (D:11)
  2 jellies
  A centaur zombie (Ossuary)
  A wyvern simulacrum (D:6)
  2 hounds (D:5)
  A human zombie (Ossuary)
  Crazy Yiuf (D:7)
  12 orc priests
  4 iguanas
  6 orc wizards
  2 bullfrog simulacra (D:6)
  2 mummies (Ossuary)
  Robin (D:3)
  23 gnolls
  8 adders
  3 shadow imps
  2 white imps
  An ufetubus (D:6)
  2 adder zombies (Ossuary)
  A worm (D:2)
  A dart slug (D:1)
  33 orcs
  9 bats
  10 endoplasms
  5 giant cockroaches
  11 goblins
  19 hobgoblins
  3 jackals (D:3)
  5 quokkas
  4 ball pythons
  5 frilled lizards (D:1)
  A goblin zombie (Ossuary)
  10 hobgoblin zombies (Ossuary)
  24 kobolds
  10 kobold zombies (Ossuary)
  8 orc zombies (Ossuary)
  7 rats
  3 rat zombies (Ossuary)
359 creatures vanquished.

Vanquished Creatures (collateral kills)
  A white imp (D:6)
  An orc (D:8)
2 creatures vanquished.

Vanquished Creatures (others)
  A manticore (D:13)
  6 foxfires
  6 fungi
  10 plants (D:5)
23 creatures vanquished.

Grand Total: 384 creatures vanquished

Notes
Turn   | Place    | Note
-------+----------+-------------------------------------------
     0 | D:1      | pokeman the Deep Elf Hedge Wizard began the quest for the
                  | Orb.
     0 | D:1      | Reached XP level 1. HP: 10/10 MP: 7/7
   326 | D:1      | Reached XP level 2. HP: 15/16 MP: 1/9
   855 | D:1      | Reached skill level 5 in Spellcasting
  1002 | D:1      | Found a faded altar of an unknown god.
  1047 | D:1      | Reached XP level 3. HP: 10/20 MP: 2/11
  1051 | D:1      | Learned a level 3 spell: Mephitic Cloud
  1054 | D:1      | Learned a level 2 spell: Call Imp
  1057 | D:1      | Learned a level 2 spell: Blink
  1061 | D:1      | Learned a level 3 spell: Conjure Flame
  1505 | D:2      | Reached skill level 1 in Fighting
  1588 | D:2      | Reached skill level 1 in Armour
  1981 | D:2      | Reached XP level 4. HP: 25/25 MP: 7/13
  2349 | D:2      | Found Asonipuku's Assorted Antiques.
  3121 | D:3      | Found a burning altar of Makhleb.
  3133 | D:3      | Found Xunkehih's Armour Shoppe.
  3278 | D:3      | Found a sparkling altar of Nemelex Xobeh.
  3751 | D:3      | Reached XP level 5. HP: 29/29 MP: 4/15
  3764 | D:3      | Noticed Robin
  3786 | D:3      | Killed Robin
  3787 | D:3      | Reached skill level 6 in Spellcasting
  3882 | D:3      | Found Vesoess's Magic Scroll Shoppe.
  3891 | D:3      | Bought a scroll of magic mapping for 75 gold pieces
  3891 | D:3      | Bought a scroll of teleportation for 30 gold pieces
  3891 | D:3      | Bought a scroll of noise for 10 gold pieces
  3995 | D:4      | Found Xiemmoc's Jewellery Shop.
  4119 | D:4      | Found Okhlicytadu's Book Shop.
  4203 | D:4      | Found Pisup's Antique Weapon Shop.
  4217 | D:4      | Found Rurros's Antique Armour Shoppe.
  4227 | D:4      | Reached skill level 1 in Poison Magic
  4359 | D:4      | Found a staircase to the Ecumenical Temple.
  4412 | Temple   | Entered the Ecumenical Temple
  4754 | D:4      | Found a transporter.
  4768 | D:4      | Learned a level 5 spell: Fireball
  4814 | D:4      | Reached skill level 1 in Fire Magic
  4814 | D:4      | Reached XP level 6. HP: 27/34 MP: 8/17
  5038 | D:4      | Reached skill level 1 in Air Magic
  5204 | D:4      | Found a transporter.
  5224 | D:4      | Noticed a kobold demonologist
  5331 | D:4      | Found Lippakis's Antique Armour Shop.
  5394 | D:4      | Reached skill level 7 in Spellcasting
  5535 | D:4      | Found a shimmering altar of Xom.
  5653 | D:4      | Killed a kobold demonologist
  5654 | D:4      | Reached skill level 8 in Spellcasting
  5654 | D:4      | Reached skill level 1 in Evocations
  5654 | D:4      | Reached XP level 7. HP: 23/38 MP: 15/20
  5920 | D:5      | Entered Level 5 of the Dungeon
  6453 | D:5      | Reached XP level 8. HP: 37/43 MP: 16/22
  7013 | D:5      | Found a blossoming altar of Fedhas.
  7027 | D:5      | Noticed an oklob plant
  7326 | D:6      | Reached skill level 9 in Spellcasting
  7387 | D:6      | Found a sand-covered staircase.
  7395 | Ossuary  | Entered an ossuary
  7971 | Ossuary  | Reached skill level 5 in Conjurations
  8193 | D:6      | Reached skill level 10 in Spellcasting
  8301 | D:6      | Found a runed translucent gate.
  8456 | D:6      | Found a runed translucent gate.
  8456 | D:6      | Found a runed translucent gate.
  8549 | D:6      | Reached XP level 9. HP: 37/48 MP: 1/25
  9064 | D:6      | Noticed SirDiesAlot's ghost (novice DEFE)
  9108 | D:6      | Reached skill level 11 in Spellcasting
  9108 | D:6      | Reached skill level 5 in Fire Magic
  9297 | D:6      | Got the ring "Xyep" {Fire Will+ Int+3 Slay+2}
  9340 | D:6      | Killed SirDiesAlot's ghost
  9624 | D:7      | Noticed Pikel
  9635 | D:7      | Killed Pikel
  9636 | D:7      | Reached skill level 12 in Spellcasting
  9952 | D:7      | Learned a level 2 spell: Wereblood
  9960 | D:7      | Learned a level 7 spell: Orb of Destruction
  9968 | D:7      | Learned a level 7 spell: Haunt
 10076 | D:7      | Reached XP level 10. HP: 56/56 MP: 2/28
 10722 | D:7      | Found a runed translucent door.
 10722 | D:7      | Noticed Crazy Yiuf
 10733 | D:7      | Killed Crazy Yiuf
 10734 | D:7      | Reached skill level 1 in Necromancy
 11031 | D:8      | Found a hazy altar of Hepliaklqana.
 11088 | D:8      | Found Riynagg's General Store.
 11095 | D:8      | Reached skill level 1 in Transmutations
 11185 | D:8      | Found Lorphal's Specific Store.
 11351 | D:8      | Found a runed translucent gate.
 11351 | D:8      | Found a runed translucent gate.
 11353 | D:8      | Found a runed translucent gate.
 11355 | D:8      | Noticed pascalblue's ghost (novice DENe)
 11673 | D:8      | Identified the +4 sling "Nokufuf" {venom, Str+3}
 12007 | D:8      | Killed pascalblue's ghost
 12008 | D:8      | Reached skill level 1 in Ice Magic
 12061 | D:9      | Noticed a two-headed ogre
 12084 | D:9      | Noticed a two-headed ogre
 12087 | D:9      | Killed a two-headed ogre
 12088 | D:9      | Reached skill level 13 in Spellcasting
 12366 | D:5      | Killed an oklob plant
 12607 | D:9      | Noticed a two-headed ogre
 12733 | D:9      | Reached skill level 14 in Spellcasting
 12826 | D:9      | Found a staircase to the Orcish Mines.
 12877 | D:9      | Found a hide-covered altar of Uskayaw.
 13144 | D:9      | Killed a two-headed ogre
 13145 | D:9      | Reached XP level 11. HP: 61/61 MP: 7/31
 13257 | D:9      | Found Rofrong's Overcharged Wands.
 13286 | D:9      | Killed a two-headed ogre
 13658 | D:10     | Entered Level 10 of the Dungeon
 13698 | D:10     | Found a snail-covered altar of Cheibriados.
 13755 | D:10     | Found a radiant altar of Vehumet.
 13772 | D:10     | Found a sacrificial altar of Ru.
 13794 | D:10     | Became a worshipper of Vehumet
 13949 | D:10     | Noticed Nergalle
 13955 | D:10     | Killed Nergalle
 13956 | D:10     | Reached skill level 1 in Earth Magic
 14282 | D:10     | Found a staircase to the Lair.
 14461 | D:10     | Noticed Lodul
 14465 | D:10     | Reached skill level 15 in Spellcasting
 14466 | D:10     | Killed Lodul
 14986 | D:11     | Noticed a brown ugly thing
 14987 | D:11     | Noticed a boulder beetle
 14988 | D:11     | Killed a brown ugly thing
 14996 | D:11     | Killed a boulder beetle
 15301 | D:11     | Noticed a two-headed ogre
 15307 | D:11     | Killed a two-headed ogre
 15307 | D:11     | Reached * piety under Vehumet
 15307 | D:11     | Offered knowledge of Foxfire by Vehumet.
 15315 | D:11     | You fall into a shaft and drop 1 floor!
 15457 | D:12     | Learned a level 1 spell: Foxfire
 15492 | D:12     | Noticed a death knight
 15495 | D:12     | Noticed a phantasmal warrior
 15499 | D:12     | Noticed a skeletal warrior
 15507 | D:12     | Noticed a two-headed ogre
 15544 | D:12     | HP: 2/61 [gargoyle/stone arrow (21)]
 15903 | D:11     | Reached skill level 16 in Spellcasting
 16113 | D:11     | Reached skill level 5 in Armour
 16653 | D:12     | Reached XP level 12. HP: 66/66 MP: 28/34
 16721 | D:12     | Reached skill level 1 in Shields
 16728 | D:12     | Killed a death knight
 17409 | D:12     | Reached skill level 10 in Conjurations
 17916 | D:12     | Noticed a boulder beetle
 17919 | D:12     | Noticed an ogre mage
 17924 | D:12     | Killed a boulder beetle
 17924 | D:12     | Offered knowledge of Shock by Vehumet.
 17924 | D:12     | Killed an ogre mage
 17925 | D:12     | Reached skill level 17 in Spellcasting
 18059 | D:12     | Reached ** piety under Vehumet
 18061 | D:12     | Noticed a boulder beetle
 18066 | D:12     | Killed a boulder beetle
 18565 | D:12     | Killed a two-headed ogre
 18611 | D:13     | Noticed a tengu warrior
 18626 | D:13     | Killed a tengu warrior
 18631 | D:13     | Noticed Erolcha
 18633 | D:13     | Killed Erolcha
 18680 | D:13     | Noticed a tengu warrior
 18684 | D:13     | HP: 1/66 [tengu warrior/+0 great sword (14)]
 18688 | D:13     | Killed from afar by an efreet

Illustrated notes

Levels and vault maps discovered:
D:1:      dpeg_chamrin_arrival_tetris, layout_rooms,
          chequers_ecumenical_altar_simple, minmay_misc_feat_nine_boxes,
          minmay_tall_x
D:2:      minmay_alternating_diamond, layout_loops_corners, serial_shops,
          nicolae_shop_statue_plus, columned_hall_lemuel
D:3:      layout_rooms, mainiacjoe_overflow_alcove_1, nemelex_dance_club_becter,
          serial_shops, nicolae_lakefront_shop, shop, uniq_robin
D:4:      gammafunk_wand_slinger, layout_basic, tgw_xom, temple_doors_e,
          serial_shops, shop_fountains, nicolae_shop_waterfront,
          nicolae_stop_n_shop_1, nicolae_shop_window_shopping,
          kennysheep_pointless_box, nicolae_stop_n_shop_1
D:5:      layout_basic, tgw_fedhas
D:6:      layout_basic, gammafunk_ghost_icy, serial_curves, eino_curves_01,
          eino_curves_03, lightli_ossuary_entry_decrepit_ruins,
          grunt_ministairs_1
D:7:      layout_cave_pools, uniq_pikel, uniq_crazy_yiuf_cottage
D:8:      layout_rooms, mainiacjoe_overflow_boulevard,
          biasface_ghost_orc_armoury, nicolae_specific_store, interstate_on_off
D:9:      layout_roguey, nicolae_uskayaw_dance_hall, david_orc_3,
          nicolae_shop_overcharged_wands
D:10:     layout_loops_ring, amcnicky_altar_gilded,
          mainiacjoe_overflow_catwalk_spiral, lair_entry_dummy, uniq_nergalle,
          uniq_lodul
D:11:     layout_basic, grunt_ministairs_9
D:12:     layout_basic, evilmike_minifort
D:13:     layout_loops_ring, david_vaults_5, gauntlet_entry_generic, uniq_sonja,
          uniq_erolcha, uniq_jorgrun, uniq_kirke
Temple:   nicolae_temple_figure_eight

Skill      XL: |  1  2  3  4  5  6  7  8  9 10 11 12 |
---------------+-------------------------------------+-----
Spellcasting   | 5 6 8 10 12 14 16 17 | 17.9
Fighting       | 1 2 3 4 |  4.1
Armour         | 1 2 3 5 |  5.0
Conjurations   | 2 3 4 5 6 8 9 10 | 10.7
Stealth        | 3 |  3.0
Dodging        | 3 |  3.2
Poison Magic   | 1 |  1.0
Fire Magic     | 1 2 3 4 6 7 9 |  9.3
Air Magic      | 2 |  2.3
Evocations     | 1 2 |  2.0
Necromancy     | 1 3 |  3.1
Transmutations | 1 |  1.0
Ice Magic      | 1 |  1.3
Earth Magic    | 1 |  1.0
Shields        | 3 |  3.5
Summonings     | 3 |  3.0
Translocations | |  1.1

Action                   |  1- 3 |  4- 6 |  7- 9 | 10-12 || total
-------------------------+-------+-------+-------+-------++-------
Melee: Dagger            |    10 |       |   121 |       ||   131
       Spear             |    11 |    38 |       |       ||    49
       Punch             |       |     1 |     3 |       ||     4
       Staff             |       |       |     5 |     7 ||    12
 Cast: Magic Dart        |    82 |   193 |   187 |    34 ||   496
       Mephitic Cloud    |     3 |     4 |    29 |    12 ||    48
       Conjure Flame     |     2 |     2 |    24 |     1 ||    29
       Blink             |       |       |     2 |    13 ||    15
       Call Imp          |       |       |     3 |     2 ||     5
       Fireball          |       |       |    12 |   139 ||   151
       Wereblood         |       |       |       |     2 ||     2
       Foxfire           |       |       |       |     4 ||     4
Evoke: Wand              |       |       |    11 |       ||    11
  Use: Scroll            |       |       |       |     4 ||     4
 Stab: Confused          |     2 |     2 |    11 |       ||    15
Armor: Robe              |    11 |       |       |       ||    11
       Leather armour    |       |    12 |    44 |    10 ||    66
       Acid dragon scale |       |       |       |    14 ||    14
Dodge: Dodged            |    31 |    32 |    85 |    24 ||   172

Table legend: (Time is in decaauts)
 A = Elapsed time spent in this place.
 B = Non-inter-level travel time spent in this place.
 C = Inter-level travel time spent in this place.
 D = Time resting spent in this place.
 E = Time spent auto-exploring this place.
 F = Levels seen in this place.
 G = Mean time per level.
                   A        B        C        D        E       F      G
               +--------+--------+--------+--------+--------+-----+--------+
         Total |  18718 |  17739 |    979 |   3151 |  11674 |  15 | 1247.9 |
       Dungeon |  17783 |  16815 |    968 |   2865 |  11302 |  13 | 1367.9 |
        Temple |    219 |    208 |     11 |      0 |    206 |   1 |  219.0 |
       Ossuary |    715 |    715 |      0 |    286 |    166 |   1 |  715.0 |
               +--------+--------+--------+--------+--------+-----+--------+

Top non-repeatable levels by time:
    D:11: 1899 daAuts
    D:12: 1843 daAuts
     D:4: 1707 daAuts
     D:5: 1700 daAuts
     D:7: 1652 daAuts
     D:1: 1473 daAuts
     D:6: 1409 daAuts
     D:2: 1405 daAuts
     D:8: 1277 daAuts
     D:3: 1120 daAuts
    D:10: 1119 daAuts
     D:9: 1118 daAuts
 Ossuary: 715 daAuts
  Temple: 219 daAuts
    D:13: 55 daAuts
